 Dungeon Crawl Stone Soup version 0.27-a0-1322-gfdffb62a71 (webtiles) character file.

Game seed: 9269056196744213320

2 Brandom the Sneak (level 1, -2/18 HPs)
             Began as a Demonspawn Delver on June 22, 2021.
             Slain by a kobold (3 damage)
             ... on level 2 of the Dungeon.
             The game lasted 00:00:41 (65 turns).

Brandom the Sneak (Demonspawn Delver)                 Turns: 65, Time: 00:00:42

Health: -2/18      AC:  3    Str: 12    XL:     1   Next: 25%
Magic:  1/1        EV: 11    Int: 11    God:
Gold:   7          SH:  0    Dex: 14    Spells: 0/0 levels left

rFire    . . .     SeeInvis .   a - +0 falchion
rCold    . . .     Faith    .   (no shield)
rNeg     . . .     Spirit   .   b - +0 leather armour
rPois    .         Reflect  .   (no helmet)
rElec    .         Harm     .   (no cloak)
rCorr    .         Rampage  .   (no gloves)
Will     .....                  (no boots)
Stlth    ++........             (no amulet)
HPRegen  0.06/turn              (no ring)
MPRegen  0.07/turn              (no ring)

@: no status effects
A: no striking features
a: no special abilities


You were on level 2 of the Dungeon.
You visited 1 branch of the dungeon, and saw 4 of its levels.

You collected 7 gold pieces.

Inventory:

Hand Weapons
 a - a +0 falchion (weapon)
Armour
 b - a +0 leather armour (worn)
Wands
 v - a wand of digging (3)
Scrolls
 c - a scroll of fog
 d - a scroll of magic mapping
 e - a scroll of fear
Potions
 f - a potion of haste {@q3}


   Skills:
 * Level 3.0 Fighting
 * Level 1.8 Long Blades
 + Level 0.0 Armour
 + Level 1.8 Dodging
 - Level 4.5 Stealth


You couldn't memorise any spells.
You didn't know any spells.
Your spell library was empty.

Dungeon Overview and Level Annotations

Branches:
Dungeon (5/15)
 Temple: D:4-7

Altars:


Message History

Found 7 gold pieces.
Found a stone staircase leading up.
There is a stone staircase leading down here.
Found a glowing emerald potion.
You now have 7 gold pieces.
There is a stone staircase leading up here.
You climb upwards.
There is a stone staircase leading down here.
Found a leather armour.
A bat and a giant cockroach come into view.
Found a sedimented black potion.
An orc comes into view. It is wielding a +0 dagger.
You hit the giant cockroach. The giant cockroach bites you.
You hit the giant cockroach.
You kill the giant cockroach! 2 orcs come into view.
The orc shouts!
You hear a shout!
An orc wizard comes into view. It is wielding a +0 dagger.
An orc priest comes into view. It is wielding a +0 hand axe.
The orc shouts! x2
You slash the bat!
You kill the bat!
The orc barely misses you.
A ball python comes into view.
The orc throws a boomerang.
The boomerang hits you.
Found 10 arrows.
You see here 10 arrows.
A kobold comes into view.
It is wielding a +0 club and quivering poisoned darts.
The kobold shouts!
The kobold hits you with a +0 club. The orc hits you with a +0 club.
Found an escape hatch in the ceiling.
The kobold barely misses you.
You riposte.
You hit the kobold. The orc barely misses you. The kobold closely misses you.
You riposte.
You hit the kobold.
Found a leatherbound book.
There is an escape hatch in the ceiling here.
Really go through this one-way escape hatch?
The orc hits you with a +0 club.
* * * LOW HITPOINT WARNING * * *
The kobold closely misses you. A mysterious force pulls you upwards.
The hatch slams shut behind you.
You see here 3 scrolls labelled PIROJUTZOT.
You miss the kobold. The orc hits you with a +0 club.
* * * LOW HITPOINT WARNING * * *
The kobold hits you with a +0 club.
* * * LOW HITPOINT WARNING * * *
You hit the kobold but do no damage. The orc hits you with a +0 club.
* * * LOW HITPOINT WARNING * * *
The kobold hits you but does no damage.
You miss the kobold. The orc misses you.
You riposte.
You hit the orc. The kobold hits you with a +0 club.
You die... ######### #....K@.# #.#####o# .# .# .# .# .# .#

You could see an orc and a kobold.

Vanquished Creatures
  A giant cockroach (D:3)
  A bat (D:3)
2 creatures vanquished.

Notes
Turn   | Place    | Note
-------+----------+-------------------------------------------
     0 | D:5      | Brandom the Demonspawn Delver began the quest for the Orb.
     0 | D:5      | Reached XP level 1. HP: 18/18 MP: 1/1
    28 | D:3      | Noticed an orc wizard
    28 | D:3      | Noticed an orc priest
    65 | D:2      | Slain by a kobold

Illustrated notes

Levels and vault maps discovered:
D:2:      layout_loops_cross, serial_shops, nicolae_shop_statue_plus,
          basic_altar, st_stairs_2, uniq_terence
D:3:      layout_basic, serial_glass, glass_columns_b, glass_columns_b,
          glass_columns_b, glass_columns_a, basic_ecumenical_altar,
          serial_shops, nicolae_diamond_shop, glass_columns_a
D:4:      layout_gridville, lemuel_tele_altar, kennysheep_mini_moat,
          kennysheep_okawaru_gauntlet, gammafunk_ghost_arena, uniq_ijyb
D:5:      layout_basic, led_xom_imps, nicolae_ossuary_entry_plus,
          hangedman_abyss_or_decor_jellyfish_corner

Action                   || total
-------------------------++-------
Melee: Falchion          ||     6
Armor: Leather armour    ||     1
Dodge: Dodged            ||     6
       Rpst.: Falchion   ||     3

Table legend: (Time is in decaauts)
 A = Elapsed time spent in this place.
 B = Non-inter-level travel time spent in this place.
 C = Inter-level travel time spent in this place.
 D = Time resting spent in this place.
 E = Time spent auto-exploring this place.
 F = Levels seen in this place.
 G = Mean time per level.
                   A        B        C        D        E       F      G
               +--------+--------+--------+--------+--------+-----+--------+
         Total |     65 |     65 |      0 |      0 |      8 |   4 |   16.2 |
       Dungeon |     65 |     65 |      0 |      0 |      8 |   4 |   16.2 |
               +--------+--------+--------+--------+--------+-----+--------+

Top non-repeatable levels by time:
     D:3: 49 daAuts
     D:4: 9 daAuts
     D:2: 3 daAuts
     D:5: 3 daAuts
